 Dungeon Crawl Stone Soup version 0.29-a0-72-g1732ff48e7 (webtiles) character file.

Game seed: 14306633055338771195

16 Hubjo the Sneak (level 2, -2/20 HPs)
             Began as a Vampire Enchanter on Feb 3, 2022.
             Was a Follower of Sif Muna.
             Slain by a kobold (3 damage)
             ... on level 1 of the Dungeon.
             The game lasted 00:02:59 (439 turns).

Hubjo the Sneak (Vampire Enchanter)                  Turns: 439, Time: 00:03:00

Health: -2/20      AC:  3    Str:  7    XL:     2   Next: 41%
Magic:  5/5        EV: 12    Int: 17    God:    Sif Muna [*.....]
Gold:   25         SH:  0    Dex: 14    Spells: 5/5 levels left

rFire   . . .      SeeInvis +   a - +1 dagger
rCold   . . .      Faith    .   (no shield)
rNeg    . . .      Spirit   .   b - +0 robe
rPois   .          Reflect  .   (no helmet)
rElec   .          Harm     .   (no cloak)
rCorr   .          Rampage  .   (no gloves)
Will    .....                   d - +0 pair of boots
Stlth   +++.......              (no amulet)
HPRegen 0.26/turn               (no ring)
MPRegen 0.09/turn               (no ring)

@: lethally poisoned (-2 -> -11), attractive, healing quickly
A: alive, fangs 3, see invisible, vampiric 1
a: Exsanguinate, Renounce Religion, Channel Magic


You were on level 1 of the Dungeon.
You worshipped Sif Muna.
Sif Muna was aware of your devotion.
You visited 1 branch of the dungeon, and saw 1 of its levels.

You collected 25 gold pieces.

Inventory:

Hand Weapons
 a - a +1 dagger (weapon)
Missiles
 f - 2 poisoned darts (quivered)
Armour
 b - a +0 robe (worn)
 d - a +0 pair of boots (worn)
Potions
 c - a potion of invisibility
 e - a potion of haste {unknown}


   Skills:
 * Level 0.9 Fighting
 + Level 1.3 Short Blades
 + Level 2.4 Dodging
 * Level 4.8 Stealth
 - Level 2.0 Spellcasting
 + Level 4.6 Hexes


You had 5 spell levels left.
You didn't know any spells.
Your spell library contained the following spells:

 Spells                   Type           Power      Damage    Failure   Level
 Confusing Touch          Hex            17%        N/A       9%          3
 Tukima's Dance           Hex            17%        N/A       9%          3
 Ensorcelled Hibernation  Hex/Ice        18%        N/A       12%         2
 Dazzling Flash           Conj/Hex       18%        N/A       22%         3


Dungeon Overview and Level Annotations

Branches:
Dungeon (1/15)

Altars:
Sif Muna


Innate Abilities, Weirdness & Mutations

Your natural rate of healing is accelerated.
You have razor-sharp teeth.
You have supernaturally acute eyesight. (SInv)
You are afflicted with vampirism.


Message History

You kill the bat!
Sif Muna accepts your kill.
The endoplasm quivers.
The kobold shouts!
You barely miss the endoplasm. The endoplasm freezes you.
You are frozen.
You hit the endoplasm but do no damage. You bite the endoplasm.
The endoplasm is moderately wounded.
You hit the endoplasm but do no damage.
The endoplasm is moderately wounded.
The endoplasm freezes you.
You are frozen.
You hit the endoplasm.
The endoplasm is severely wounded.
The endoplasm freezes you.
You are frozen.
The kobold hits you with a +2 whip of venom.
You are poisoned.
You hit the endoplasm.
You kill the endoplasm!
Sif Muna accepts your kill.
You feel sick. The kobold closely misses you.
Found a war axe.
You feel sick.
The kobold hits you with a +2 whip of venom.
* * * LOW HITPOINT WARNING * * *
You completely miss the kobold. You bite the kobold, but do no damage.
You feel sick. The kobold closely misses you.
You hit the kobold.
The kobold is moderately wounded.
You feel sick.
The kobold hits you with a +2 whip of venom.
* * * LOW HITPOINT WARNING * * *
You are lethally poisoned!
It was a potion of attraction.
You feel attractive to monsters.
* * * LOW HITPOINT WARNING * * *
You feel very sick.
The kobold hits you with a +2 whip of venom.
You die...

##.#.###.>###.
##.###....## ## #.##
##..## #
########..###....## ##
#..........#..>...###.
#.........#........#..
#...##.#.######.....†.
#.....†#.# #.##....
#..##@K#.# #.###...
#.. #..#.# ..(.....
#.. ...... .........
#####.##... ...#####.#
#.##...... #.# #.#
.... #># #.# ...) #.#
#.# ...


You could see a kobold.

Vanquished Creatures
  2 ball pythons (D:1)
  2 endoplasms (D:1)
  2 goblins (D:1)
  2 hobgoblins (D:1)
  2 quokkas (D:1)
  3 bats (D:1)
  2 frilled lizards (D:1)
15 creatures vanquished.

Notes
Turn   | Place    | Note
-------+----------+-------------------------------------------
     0 | D:1      | Hubjo the Vampire Enchanter began the quest for the Orb.
     0 | D:1      | Reached XP level 1. HP: 13/13 MP: 3/3
    90 | D:1      | Upgraded the game from 0.29-a0-43-g62a80824bf to
                  | 0.29-a0-72-g1732ff48e7
   224 | D:1      | Found a faded altar of an unknown god.
   227 | D:1      | Reached XP level 2. HP: 20/20 MP: 5/5
   240 | D:1      | Prayed at the altar of an unknown god.
   240 | D:1      | Became a worshipper of Sif Muna the Loreminder
   240 | D:1      | Reached * piety under Sif Muna
   439 | D:1      | HP: 1/20 [poisoned by a kobold]
   439 | D:1      | Slain by a kobold

Illustrated notes

Levels and vault maps discovered:
D:1:      dpeg_arrival_ternary, layout_loops_cross,
          chequers_ecumenical_altar_simple_redux, serial_shops,
          nicolae_shop_competitors_out_of_business

Action                   || total
-------------------------++-------
Melee: Dagger            ||    68
       Bite              ||     6
  Use: Potion            ||     1
 Stab: Sleeping          ||     3
Armor: Robe              ||    23
Dodge: Dodged            ||    69

Table legend: (Time is in decaauts)
 A = Elapsed time spent in this place.
 B = Non-inter-level travel time spent in this place.
 C = Inter-level travel time spent in this place.
 D = Time resting spent in this place.
 E = Time spent auto-exploring this place.
 F = Levels seen in this place.
 G = Mean time per level.
                   A        B        C        D        E       F      G
               +--------+--------+--------+--------+--------+-----+--------+
         Total |    434 |    416 |     18 |      0 |    262 |   1 |  434.0 |
       Dungeon |    434 |    416 |     18 |      0 |    262 |   1 |  434.0 |
               +--------+--------+--------+--------+--------+-----+--------+

Top non-repeatable levels by time:
     D:1: 434 daAuts
